AoeStats
← kamil.sakowski

QS Arena

503153288Analyzed
4v4 RM · 1mo ago on Aug 30, 2026· 44m 14s· 8 players
Game mode
Random Map
Map size
Large (8 player)
Population
200
Speed
Normal
Resources
Standard
Victory
Conquest
Starting age
Dark Age
Ending age
Imperial Age
RankedLock teamsTeams togetherTeam positionsShared explorationLock speedFull tech treeHidden civsTurbo modeCheats
Victory
Defeat
🇸🇪 Teutons · Sweden
1069
+11
🇸🇪 Wei · Sweden
1030
+12
🇵🇱 Franks · Poland
949
+16
🇸🇪 Wu · Sweden
801
+23
🇨🇳 Mongols · China
1016
-18
🇦🇷 Britons · Argentina
968
-16
🇨🇿 Bohemians · Czechia
914
-14
🇨🇿 Teutons · Czechia
908
-14
Pokie
8:50 Feudal Age
13:06 Castle Age
11:10 Double-Bit Axe
11:26 Horse Collar
14:33 Bow Saw
14:47 Heavy Plow
21:19 Wheelbarrow
25:20 Gold Mining
25:21 Stone Mining
25:49 Hand Cart
25:21 Loom
28:22 Stone Shaft Mining
28:22 Gold Shaft Mining
30:19 Imperial Age
28:02 Town Watch
28:41 Padded Archer Armor
28:31 Fletching
28:30 Treadmill Crane
29:12 Ballistics
29:04 Masonry
28:50 Murder Holes
30:26 Bodkin Arrow
30:46 Leather Archer Armor
31:16 Bracer
32:21 Two-Man Saw
31:25 Town Patrol
33:34 Chemistry
33:05 Architecture
32:13 Elite Fire Archer
32:57 Sitting Tiger
34:01 Red Cliffs Tactics
34:20 Forging
34:17 Scale Barding Armor
34:41 Caravan
36:49 Iron Casting
45:12 Chain Barding Armor
45:53 Blast Furnace
kamil.sakowski
7:23 Feudal Age
7:53 Double-Bit Axe
13:51 Castle Age
19:28 Bow Saw
21:06 Wheelbarrow
24:15 Hand Cart
25:27 Town Watch
28:48 Imperial Age
27:07 Scale Barding Armor
27:12 Forging
27:05 Husbandry
27:36 Gold Mining
27:37 Stone Mining
28:00 Town Patrol
28:39 Chain Barding Armor
29:18 Iron Casting
29:27 Gold Shaft Mining
29:03 Loom
28:49 Cavalier
30:12 Plate Barding Armor
30:29 Paladin
31:14 Chivalry
34:06 Conscription
42:22 Caravan
Scrub slayer
8:50 Feudal Age
9:35 Double-Bit Axe
12:27 Castle Age
10:20 Horse Collar
13:35 Bow Saw
13:26 Heavy Plow
20:48 Wheelbarrow
21:17 Gold Mining
22:03 Hand Cart
24:47 Imperial Age
22:29 Stone Mining
22:56 Loom
24:03 Scale Barding Armor
25:34 Ballistics
25:37 Chain Barding Armor
26:31 Two-Man Saw
26:16 Crop Rotation
26:04 Forging
26:59 Plate Barding Armor
26:36 Bloodlines
25:46 Cavalier
28:04 Iron Casting
27:43 Guilds
28:16 Paladin
30:01 Caravan
31:11 Blast Furnace
31:33 Fletching
31:57 Masonry
32:48 Chemistry
31:53 Siege Engineers
33:12 Squires
34:51 Conscription
35:13 Crenellations
35:31 Scale Mail Armor
38:04 Bodkin Arrow
38:25 Chain Mail Armor
37:59 Onager
38:33 Pikeman
41:20 Plate Mail Armor
41:28 Elite Teutonic Knight
hoijertz
8:45 Feudal Age
12:59 Castle Age
11:19 Double-Bit Axe
13:42 Horse Collar
18:04 Bow Saw
19:55 Wheelbarrow
20:29 Husbandry
21:42 Bloodlines
21:43 Heavy Plow
22:59 Hand Cart
22:32 Loom
23:15 Squires
22:40 Light Cavalry
23:19 Treadmill Crane
24:39 Gold Mining
24:40 Stone Mining
26:04 Forging
26:05 Tuntian
29:34 Imperial Age
27:21 Arson
26:56 Man-at-Arms
28:53 Gold Shaft Mining
28:56 Stone Shaft Mining
28:51 Caravan
29:21 Town Watch
29:01 Pikeman
29:02 Long Swordsman
30:31 Elite Tiger Cavalry
32:28 Iron Casting
32:02 Scale Barding Armor
31:42 Heavy Hei Guang Cavalry
32:55 Crop Rotation
32:55 Conscription
32:20 Heavy Scorpion
35:06 Blast Furnace
34:26 Chain Barding Armor
35:28 Ming Guang Armor
37:12 Hussar
giros
1:28 Loom
8:41 Feudal Age
9:06 Double-Bit Axe
9:06 Horse Collar
17:08 Castle Age
19:14 Gold Mining
19:28 Heavy Plow
20:13 Bow Saw
21:02 Gold Mining
25:51 Wheelbarrow
25:01 Town Watch
26:06 Stone Mining
29:14 Imperial Age
27:00 Hand Cart
26:59 Town Patrol
29:32 Ballistics
29:28 Fletching
29:38 Padded Archer Armor
30:27 Crop Rotation
31:00 Two-Man Saw
30:12 Bodkin Arrow
31:37 Ironclad
33:12 Crenellations
32:25 Pikeman
33:06 Squires
32:51 Arson
33:42 Scale Mail Armor
33:52 Forging
33:06 Halberdier
34:59 Chemistry
34:59 Chain Mail Armor
35:00 Leather Archer Armor
37:47 Iron Casting
37:44 Plate Mail Armor
37:45 Ring Archer Armor
东方神龙
8:01 Feudal Age
9:08 Loom
12:23 Castle Age
10:08 Horse Collar
13:00 Double-Bit Axe
19:47 Wheelbarrow
21:33 Hand Cart
21:44 Gold Mining
21:49 Stone Mining
23:46 Gold Shaft Mining
23:23 Bow Saw
24:30 Heavy Plow
25:14 Stone Shaft Mining
26:22 Scale Barding Armor
27:24 Chain Barding Armor
26:55 Fletching
29:55 Nomads
32:29 Imperial Age
31:06 Bodkin Arrow
31:21 Forging
31:15 Padded Archer Armor
32:06 Husbandry
32:17 Bloodlines
32:35 Ballistics
32:27 Masonry
32:12 Murder Holes
32:35 Leather Archer Armor
33:10 Capped Ram
33:14 Elite Mangudai
34:25 Conscription
34:27 Drill
34:43 Hoardings
33:57 Heavy Cavalry Archer
35:05 Parthian Tactics
35:08 Siege Engineers
36:04 Chemistry
35:00 Elite Steppe Lancer
35:27 Elite Mangudai
36:28 Conscription
36:44 Hoardings
36:35 Bracer
37:11 Iron Casting
38:00 Drill
38:13 Siege Ram
42:27 Fortified Wall
Chleba
2:00 Loom
9:47 Feudal Age
10:40 Horse Collar
10:46 Double-Bit Axe
12:03 Wheelbarrow
20:09 Castle Age
23:42 Bow Saw
23:38 Heavy Plow
26:03 Hand Cart
27:43 Chemistry
27:04 Ballistics
26:39 Murder Holes
32:01 Imperial Age
29:59 Padded Archer Armor
29:44 Treadmill Crane
31:11 Wagenburg Tactics
30:55 Elite Skirmisher
32:13 Fletching
32:38 Leather Archer Armor
34:46 Conscription
34:48 Siege Engineers
34:55 Masonry
35:23 Pikeman
36:04 Squires
37:54 Ring Archer Armor
37:19 Bodkin Arrow
38:55 Architecture
43:02 Scale Mail Armor
43:12 Forging
Ultra cogolloo
1:15 Loom
9:05 Feudal Age
10:22 Wheelbarrow
9:44 Double-Bit Axe
10:57 Horse Collar
11:09 Gold Mining
15:35 Castle Age
14:25 Forging
15:37 Stone Mining
16:30 Hand Cart
17:21 Gold Shaft Mining
16:56 Heavy Plow
21:24 Bow Saw
21:09 Town Watch
24:31 Pikeman
25:47 Scale Mail Armor
26:25 Squires
27:04 Iron Casting
27:32 Ballistics
29:59 Imperial Age
28:46 Fletching
28:57 Padded Archer Armor
29:02 Arson
30:06 Gambesons
31:40 Chemistry
30:22 Treadmill Crane
30:42 Bodkin Arrow
31:21 Capped Ram
32:38 Conscription
33:24 Halberdier
35:12 Bracer
38:58 Blast Furnace
38:14 Chain Mail Armor
39:07 Elite Longbowman
Connection lost

Rejoining the realm…

Still unreachable

The connection could not be restored.

Session expired

The server has moved on; the page needs a fresh start.